Description

1警告时间提早20秒,实际时间见右边 2所有红点会在剩余时间90s以下时,顺延到当前阵地任务结束。请根据自己实际情况调整。 3来向和当前攻略阵地有关,提示的方向只是一般情况下的时间。请根据自己实际情况调整

当前攻略阵地:实际来向 分矿:1阵地所在方向 1阵地:2阵地所在方向 23阵地:下方

出门可以让卡车溜圈,左右两边有构造体的一边是2阵地 左下有构造体,则3阵地在左下,反之则在右下。

Build Order

Get SALT Encoding   

  1  3:40  Hive 【1阵地】4:00  
  2  5:40  Hive 【1阵地/2阵地】6:00  
  2  8:40  Hive 【2阵地】9:00  
  2  11:40  Hive 【2阵地】12:00  
  4  14:40  Hive 【2阵地/下方】15:00  
  4  17:40  Hive 【下方】18:00  
  5  20:40  Hive 【下方】21:00  
  5  24:40  Hive 【下方】25:00  
  6  28:40  Hive 【下方】29:00  
  6  32:40  Hive 【下方】33:00  
Spawning Tool Build Advisor. Get it on Overwolf

Go to:

Details

  • Created by: chikagekoori
  • Published on: Aug 25, 2022
  • Modified on: Aug 25, 2022
  • Patch: 4.11.0
  • Difficulty: Hard
Show
View Real Time Build Order
Export as new Build Order

Comments (0)

There are no comments. Be the first!

Create an account to comment!